 Dungeon Crawl Stone Soup version 0.20.1-1-g8b1a95d (webtiles) character file.

212 Vno the Conjurer (level 5, 0/39 HPs)
             Began as a Draconian Conjurer on Nov 8, 2017.
             Slain by an orc priest
             ... wielding a +0 club
              (5 damage)
             ... on level 3 of the Dungeon.
             The game lasted 00:54:38 (5451 turns).

Vno the Conjurer (Draconian Conjurer)               Turns: 5451, Time: 00:54:38

Health: 0/39       AC:  5    Str: 11    XL:     5   Next: 58%
Magic:  0/9        EV: 12    Int: 16    God:
Gold:   139        SH:  0    Dex: 11    Spells: 4/10 levels left

rFire    . . .     SeeInvis .   f - +1 short sword
rCold    . . .     Gourm    .   (no shield)
rNeg     . . .     Faith    .   (armour unavailable)
rPois    .         Spirit   .   (helmet restricted)
rElec    .         Reflect  .   (no cloak)
rCorr    .         Harm     .   (no gloves)
MR       .....                  (no boots)
Stlth    ++........             (no amulet)
Regen    0.2/turn               (no ring)
MPRegen  0.2/turn               (no ring)

@: very slightly contaminated
A: unfitting armour, cold-blooded, AC +5
a: no special abilities


You were on level 3 of the Dungeon.
You were not hungry.

You visited 1 branch of the dungeon, and saw 4 of its levels.

You collected 139 gold pieces.

Inventory:

Hand Weapons
 f - a +1 short sword (weapon)
Scrolls
 c - 2 scrolls of enchant armour {unknown}
 e - a scroll of enchant weapon
 g - a scroll of recharging
 h - a scroll of magic mapping
 l - a scroll of remove curse {unknown}
 m - a scroll of blinking {unknown}
 n - a scroll of fear {unknown}
 q - 3 scrolls of identify {unknown}
Potions
 d - a potion of magic {unknown}
 i - a potion of berserk rage
 k - 2 potions of ambrosia {unknown}
 o - a potion of mutation {unknown}
Books
 a - a book of Conjurations

   Spells                             Type                      Level
   a - Magic Dart                     Conjuration                  1
   b - Searing Ray                    Conjuration                  2
   c - Dazzling Spray                 Conjuration/Hexes            3
   d - Fulminant Prism                Conjuration/Hexes            4
   e - Force Lance                    Conjuration/Translocation    4
   f - Iskenderun's Mystic Blast      Conjuration                  4
Comestibles
 b - 2 bread rations
 j - a meat ration


   Skills:
 + Level 0.9 Fighting
 + Level 2.1 Short Blades
 + Level 2.6 Dodging
 + Level 1.9 Stealth
 + Level 3.2 Spellcasting
 + Level 5.1 Conjurations


You had 4 spell levels left.
You knew the following spells:

 Your Spells              Type           Power        Failure   Level  Hunger
a - Magic Dart            Conj           ###.         2%          1    None
b - Searing Ray           Conj           ###...       3%          2    ##.....
c - Dazzling Spray        Conj/Hex       ##....       19%         3    ###....


Dungeon Overview and Level Annotations

Branches:
Dungeon (4/15)
 Temple: D:4-7

Altars:
Elyvilon
Xom

Annotations:
D:2 Terence
D:4 asdaf's ghost, amateur TrFi


Innate Abilities, Weirdness & Mutations

Your plain brown scales are hard. (AC +5)
You cannot fit into any form of body armour.
You are cold-blooded and may be slowed by cold attacks.


Message History

Confirm with . or Enter, or press ? or * to list all spells.
Aiming: Magic Dart
Press: ? - help, Shift-Dir - straight line, f/p - adder
Aim: an adder (almost dead)
You miscast Magic Dart.
You are very lightly contaminated with residual magic.
Nothing appears to happen.
The orc priest mumbles some strange prayers to Beogh against you.
Pain shoots through your body!
* * * LOW HITPOINT WARNING * * *
The adder barely misses you.
Casting: Magic Dart
Confirm with . or Enter, or press ? or * to list all spells.
Aiming: Magic Dart
Press: ? - help, Shift-Dir - straight line, f/p - adder
Aim: an adder (almost dead)
The magic dart hits the adder.
The adder is almost dead.
The adder barely misses you. The orc priest hits you with a club.
You die...

*........####.##.#**#....
*...........#.##...,+....
*...........#.#######....
*...............,,,*.....
*.......w.......,,,,,,,,,
*...............,,,,,,,,,
*........#......,,,,,,,,,
*......oS#......,,,,,,,,,
*######.@.......,,,,,,,,,
******#.........,,,,,,,,,
*,,,,,#......##.,,,,,,,,,
*,,,,,.......#*,,,,,,,,,,
*,,,,...(......,,,,,,,,,,
*,,,............,,,,,,,,,
*,,.............,,,,,,,,,
*,.........##...,,,,,,,,,
*,,,,,,,,,,**,,,,****,,..


You could see a worm, an orc priest and an adder.

Vanquished Creatures
  A hound (D:4)
  A bullfrog skeleton (D:3)
  A worker ant (D:4)
  6 adders
  An adder skeleton (D:4)
  2 worms (D:2)
  2 dart slugs
  5 leopard geckos
  An orc (D:4)
  5 bats
  3 giant cockroaches (D:2)
  5 hobgoblins
  4 jackals
  3 quokkas
  5 frilled lizards
  5 goblins
  4 kobolds (D:2)
  11 rats
  A plant (D:1)
66 creatures vanquished.

Notes
Turn   | Place    | Note
-------+----------+-------------------------------------------
     0 | D:1      | Vno the Draconian Conjurer began the quest for the Orb.
     0 | D:1      | Reached XP level 1. HP: 14/14 MP: 3/3
   449 | D:1      | Reached XP level 2. HP: 20/20 MP: 0/5
  1098 | D:2      | Reached XP level 3. HP: 15/26 MP: 1/6
  1259 | D:2      | Learned a level 2 spell: Searing Ray
  1263 | D:2      | Learned a level 3 spell: Dazzling Spray
  2441 | D:2      | Noticed Terence
  2867 | D:2      | Reached XP level 4. HP: 33/33 MP: 2/8
  3709 | D:3      | Reached skill level 5 in Conjurations
  3726 | D:3      | Reached skill level 1 in Short Blades
  3730 | D:3      | Reached XP level 5. HP: 30/39 MP: 3/9
  3961 | D:4      | Found a shimmering altar of Xom.
  3972 | D:4      | Found a white marble altar of Elyvilon.
  4813 | D:4      | Noticed asdaf's ghost (amateur TrFi)
  5451 | D:3      | Slain by an orc priest

Skill      XL: |  1  2  3  4  5 |
---------------+----------------+-----
Dodging        | 2 |  2.6
Conjurations   | 5 |  5.1
Short Blades   | 1 2 |  2.1
Spellcasting   | 3 |  3.2
Fighting       | |  0.9
Stealth        | |  1.9

Action                   |  1- 3 |  4- 6 || total
-------------------------+-------+-------++-------
Melee: Short sword       |   178 |    71 ||   249
       Tailslap          |    33 |     5 ||    38
       Unarmed           |    10 |       ||    10
 Cast: Magic Dart        |    68 |    47 ||   115
       Dazzling Spray    |     6 |       ||     6
       Searing Ray       |     3 |     9 ||    12
  Use: Scroll            |     4 |     3 ||     7
       Potion            |     2 |     1 ||     3
  Eat: Chunk             |     3 |     1 ||     4
       Bread ration      |     2 |     1 ||     3
       Royal jelly       |       |     1 ||     1
Armor: Skin              |    38 |    33 ||    71
Dodge: Dodged            |    87 |    85 ||   172
